General information
- name: BNet
- type: Ladder team game (AT/RT)
- host: Battle.net
- saver: imonteamthree
map: Cherryville
- players: 8
- length: 47:43
- speed: Fast
- version: 1.28 W3XP
- replay type: Public
» download(269 KB)
Players
team 1 (loser)

»
JergleBunny (
pink | 34 APM | 1440 actions | 42:07)
7 Death Knight
3 Death Coil
3 Unholy Aura
1 Animate Dead
» actions
| Assign group hotkey | 6 | |
| Basic commands | 16 | |
| Build / train | 57 | |
| Enter build submenu | 26 | |
| Enter hero's abilities submenu | 7 | |
| Remove unit from queue | 1 | |
| Right click | 957 | |
| Select / deselect | 276 | |
| Select group hotkey | 16 | |
| Use ability | 78 | |
1440 total
» units
| Acolyte | 15 | |
| Ghoul | 4 | |
| Crypt Fiend | 5 | |
| Frost Wyrm | 7 | |
| Goblin Shredder | 1 | |
32 total
» upgrades
| Web | 1 | |
| Freezing Breath | 1 | |
| Creature Attack | 3 | |
| Creature Carapace | 2 | |
| Burrow | 1 | |
8 total
» buildings
| Crypt | 1 | |
| Altar of Darkness | 1 | |
| Ziggurat | 20 | |
| Graveyard | 1 | |
| Tomb of Relics | 1 | |
| Halls of the Dead | 1 | |
| Black Citadel | 1 | |
| Sacrificial Pit | 1 | |
| Boneyard | 2 | |
| Spirit Tower | 3 | |
32 total
» build order
00:10 Crypt
00:15 Altar of Darkness
00:37 Ziggurat
01:21 Ziggurat
01:47 Graveyard
01:56 Tomb of Relics
04:26 Halls of the Dead
06:10 Ziggurat
06:55 Black Citadel
07:05 Sacrificial Pit
09:22 Ziggurat
09:26 Boneyard
09:28 Boneyard
12:01 Ziggurat
12:02 Ziggurat
12:03 Ziggurat
12:04 Ziggurat
14:02 Spirit Tower
14:09 Ziggurat
14:59 Ziggurat
15:00 Ziggurat
15:01 Ziggurat
15:02 Ziggurat
15:08 Ziggurat
15:10 Ziggurat
16:25 Spirit Tower
17:23 Ziggurat
17:24 Ziggurat
17:24 Ziggurat
17:35 Ziggurat
17:39 Ziggurat
26:00 Spirit Tower
» items
| Rod of Necromancy | 1 | |
| Scroll of Town Portal | 2 | |
3 total
BlackIsWhack (
blue | 42 APM | 1994 actions | 47:43)
7 Blademaster
3 Wind Walk
3 Critical Strike
1 Bladestorm
» actions
| Assign group hotkey | 73 | |
| Basic commands | 115 | |
| Build / train | 64 | |
| Enter build submenu | 59 | |
| Enter hero's abilities submenu | 7 | |
| Give item / drop item | 8 | |
| Right click | 961 | |
| Select / deselect | 384 | |
| Select group hotkey | 179 | |
| Use ability | 144 | |
1994 total
» units
| Peon | 8 | |
| Grunt | 5 | |
| Goblin Shredder | 1 | |
| Goblin Zeppelin | 2 | |
| Goblin Sapper | 3 | |
| Wind Rider | 4 | |
23 total
» upgrades
| Reinforced Defenses | 1 | |
| Ranged Weapons | 3 | |
| Armor | 3 | |
| Troll Regeneration | 1 | |
| Burning Oil | 1 | |
| Envenomed Spears | 1 | |
| Spiked Barricades | 3 | |
| Melee Weapons | 3 | |
| Pillage | 1 | |
| Ensnare | 1 | |
| Liquid Fire | 1 | |
19 total
» buildings
| Orc Burrow | 14 | |
| Altar of Storms | 1 | |
| Barracks | 1 | |
| Voodoo Lounge | 1 | |
| War Mill | 3 | |
| Stronghold | 2 | |
| Watch Tower | 30 | |
| Great Hall | 6 | |
| Fortress | 1 | |
| Beastiary | 4 | |
63 total
» build order
00:12 Orc Burrow
00:54 Altar of Storms
01:00 Orc Burrow
01:05 Barracks
01:55 Voodoo Lounge
02:45 War Mill
04:08 Stronghold
04:22 Orc Burrow
04:34 Watch Tower
04:37 Watch Tower
05:09 Great Hall
05:45 Orc Burrow
07:08 Orc Burrow
08:27 Fortress
08:30 Watch Tower
08:30 Watch Tower
08:31 Watch Tower
08:31 Watch Tower
09:32 Watch Tower
09:33 Watch Tower
10:05 Watch Tower
10:07 Watch Tower
10:09 Watch Tower
10:10 Watch Tower
11:53 Watch Tower
11:54 Watch Tower
11:57 Watch Tower
11:58 Watch Tower
12:03 Watch Tower
12:05 Watch Tower
12:07 Watch Tower
12:08 Watch Tower
12:11 Watch Tower
13:12 War Mill
15:21 Beastiary
15:24 Beastiary
15:25 Beastiary
15:32 Beastiary
21:31 Watch Tower
21:31 Watch Tower
21:31 Watch Tower
21:32 Watch Tower
21:32 Watch Tower
21:34 Watch Tower
21:36 Watch Tower
21:37 Watch Tower
21:38 Watch Tower
23:56 Great Hall
31:14 Stronghold
43:15 Great Hall
43:23 Great Hall
43:37 Great Hall
44:48 War Mill
44:51 Great Hall
45:04 Orc Burrow
45:12 Orc Burrow
45:13 Orc Burrow
45:17 Orc Burrow
45:18 Orc Burrow
45:44 Orc Burrow
45:46 Orc Burrow
45:49 Orc Burrow
45:50 Orc Burrow
» items
| Healing Salve | 3 | |
| Potion of Healing | 1 | |
| Lesser Clarity Potion | 1 | |
| Potion of Mana | 1 | |
| Scroll of Town Portal | 1 | |
| Periapt of Vitality | 1 | |
| Staff of Teleportation | 1 | |
| Potion of Lesser Invulnerability | 1 | |
| Orb of Lightning | 1 | |
11 total
SMELLLINGDOG (
orange | 50 APM | 2184 actions | 43:19)
3 Blademaster
2 Wind Walk
1 Critical Strike
1 Lich
1 Frost Nova
» actions
| Assign group hotkey | 36 | |
| Basic commands | 128 | |
| Build / train | 73 | |
| Enter build submenu | 17 | |
| Enter hero's abilities submenu | 4 | |
| Remove unit from queue | 2 | |
| Right click | 759 | |
| Select / deselect | 339 | |
| Select group hotkey | 713 | |
| Use ability | 113 | |
2184 total
» units
| Peon | 18 | |
| Troll Batrider | 11 | |
| Wind Rider | 4 | |
| Goblin Sapper | 13 | |
| Goblin Zeppelin | 1 | |
| Raider | 1 | |
48 total
» upgrades
| Ranged Weapons | 3 | |
| Liquid Fire | 1 | |
| Reinforced Defenses | 1 | |
| Armor | 2 | |
7 total
» buildings
| Altar of Storms | 1 | |
| Orc Burrow | 7 | |
| Voodoo Lounge | 1 | |
| Stronghold | 1 | |
| War Mill | 1 | |
| Beastiary | 3 | |
| Fortress | 2 | |
| Watch Tower | 8 | |
| Great Hall | 2 | |
26 total
» build order
00:11 Altar of Storms
00:16 Orc Burrow
00:52 Voodoo Lounge
02:07 Stronghold
02:24 Orc Burrow
02:25 Orc Burrow
02:27 Orc Burrow
02:43 War Mill
04:41 Beastiary
04:44 Beastiary
04:50 Fortress
04:51 Fortress
09:36 Orc Burrow
11:38 Orc Burrow
13:59 Orc Burrow
14:27 Watch Tower
14:27 Watch Tower
14:28 Watch Tower
14:31 Watch Tower
14:32 Watch Tower
14:32 Watch Tower
15:47 Watch Tower
15:47 Watch Tower
16:07 Great Hall
16:28 Beastiary
17:13 Great Hall
» items
| Healing Salve | 1 | |
| Lesser Clarity Potion | 1 | |
| Staff of Teleportation | 1 | |
| Potion of Lesser Invulnerability | 1 | |
| Tiny Great Hall | 1 | |
| Orb of Lightning | 1 | |
| Boots of Speed | 1 | |
7 total
SiLeNt_oNe (
red | 34 APM | 1416 actions | 41:49)
5 Crypt Lord
3 Carrion Beetles
2 Spiked Carapace
3 Death Knight
2 Death Coil
1 Unholy Aura
2 Lich
1 Frost Nova
1 Frost Armor
» actions
| Assign group hotkey | 4 | |
| Basic commands | 16 | |
| Build / train | 99 | |
| Enter build submenu | 31 | |
| Enter hero's abilities submenu | 11 | |
| Give item / drop item | 2 | |
| Remove unit from queue | 7 | |
| Right click | 643 | |
| Select / deselect | 491 | |
| Select group hotkey | 3 | |
| Use ability | 109 | |
1416 total
» units
| Acolyte | 12 | |
| Ghoul | 2 | |
| Crypt Fiend | 7 | |
| Meatwagon | 4 | |
| Obsidian Statue | 5 | |
| Banshee | 8 | |
38 total
» upgrades
| Creature Attack | 3 | |
| Burrow | 1 | |
| Web | 1 | |
| Ghoul Frenzy | 1 | |
| Unholy Strength | 3 | |
| Exhume Corpses | 1 | |
| Destroyer Form | 1 | |
| Creature Carapace | 3 | |
| Unholy Armor | 3 | |
| Banshee Training | 2 | |
| Skeletal Longevity | 0 | |
| Necromancer Training | 0 | |
| Skeletal Mastery | 1 | |
20 total
» buildings
| Graveyard | 2 | |
| Altar of Darkness | 1 | |
| Ziggurat | 18 | |
| Crypt | 2 | |
| Nerubian Tower | 2 | |
| Tomb of Relics | 1 | |
| Halls of the Dead | 1 | |
| Necropolis | 4 | |
| Black Citadel | 1 | |
| Spirit Tower | 3 | |
| Slaughterhouse | 2 | |
| Temple of the Damned | 3 | |
40 total
» build order
00:13 Graveyard
00:31 Altar of Darkness
00:39 Ziggurat
01:01 Crypt
01:47 Nerubian Tower
02:19 Tomb of Relics
02:33 Ziggurat
04:02 Halls of the Dead
05:06 Ziggurat
05:12 Necropolis
06:12 Nerubian Tower
06:15 Ziggurat
06:45 Ziggurat
07:04 Black Citadel
07:58 Spirit Tower
08:04 Ziggurat
08:07 Ziggurat
08:20 Spirit Tower
08:23 Spirit Tower
09:24 Crypt
16:47 Slaughterhouse
16:48 Slaughterhouse
16:57 Ziggurat
19:42 Graveyard
27:36 Ziggurat
27:37 Ziggurat
27:41 Necropolis
27:57 Necropolis
27:59 Ziggurat
28:02 Ziggurat
30:24 Temple of the Damned
30:26 Temple of the Damned
30:32 Temple of the Damned
37:08 Ziggurat
37:10 Ziggurat
37:11 Ziggurat
37:13 Ziggurat
37:15 Ziggurat
37:15 Ziggurat
38:43 Necropolis
» items
| Sacrificial Skull | 1 | |
| Rod of Necromancy | 1 | |
| Scroll of Town Portal | 5 | |
| Orb of Corruption | 3 | |
| Potion of Healing | 3 | |
| Potion of Mana | 1 | |
14 total
team 2 (winner)

»
RonBurgendy (
teal | 33 APM | 526 actions | 15:59)
3 Death Knight
2 Death Coil
1 Unholy Aura
» actions
| Build / train | 33 | |
| Enter build submenu | 18 | |
| Enter hero's abilities submenu | 3 | |
| Right click | 243 | |
| Select / deselect | 197 | |
| Use ability | 32 | |
526 total
» units
| Acolyte | 4 | |
| Ghoul | 3 | |
| Crypt Fiend | 5 | |
| Obsidian Statue | 6 | |
| Frost Wyrm | 2 | |
20 total
» upgrades
| Creature Carapace | 1 | |
| Web | 1 | |
| Destroyer Form | 1 | |
3 total
» buildings
| Altar of Darkness | 1 | |
| Ziggurat | 7 | |
| Crypt | 1 | |
| Graveyard | 1 | |
| Tomb of Relics | 1 | |
| Nerubian Tower | 1 | |
| Halls of the Dead | 1 | |
| Slaughterhouse | 4 | |
| Sacrificial Pit | 1 | |
| Black Citadel | 1 | |
| Spirit Tower | 1 | |
| Boneyard | 1 | |
21 total
» build order
00:05 Altar of Darkness
00:11 Ziggurat
00:36 Crypt
01:03 Graveyard
01:37 Tomb of Relics
01:47 Ziggurat
03:15 Nerubian Tower
04:17 Ziggurat
05:06 Halls of the Dead
07:06 Ziggurat
07:33 Slaughterhouse
07:40 Slaughterhouse
07:44 Slaughterhouse
07:48 Slaughterhouse
07:51 Sacrificial Pit
07:53 Black Citadel
07:59 Ziggurat
08:55 Spirit Tower
09:49 Ziggurat
12:06 Boneyard
12:20 Ziggurat
» items
| Rod of Necromancy | 1 | |
| Potion of Healing | 1 | |
2 total
imonteamthree (
green | 134 APM | 6395 actions | 47:43)
9 Archmage
3 Summon Water Elemental
3 Brilliance Aura
1 Mass Teleport
2 Blizzard
7 Paladin
3 Holy Light
3 Devotion Aura
1 Resurrection
» actions
| Assign group hotkey | 158 | |
| Basic commands | 542 | |
| Build / train | 232 | |
| ESC pressed | 9 | |
| Enter build submenu | 62 | |
| Enter hero's abilities submenu | 16 | |
| Give item / drop item | 8 | |
| Right click | 1858 | |
| Select / deselect | 943 | |
| Select group hotkey | 2091 | |
| Use ability | 476 | |
6395 total
» units
| Peasant | 18 | |
| Footman | 11 | |
| Goblin Shredder | 4 | |
| Rifleman | 10 | |
| Knight | 3 | |
| Mortar Team | 4 | |
| Priest | 3 | |
| Spell Breaker | 6 | |
| Sorceress | 9 | |
| Siege Engine | 4 | |
72 total
» upgrades
| Masonry | 3 | |
| Defend | 1 | |
| Gunpowder | 3 | |
| Sorceress Training | 2 | |
| Long Rifles | 1 | |
| Armor | 4 | |
| Priest Training | 2 | |
| Lumber Harvesting | 2 | |
| Fragmentation Shards | 1 | |
| Flare | 1 | |
| Swords | 3 | |
| Animal War Training | 1 | |
| Plating | 3 | |
| Barrage | 1 | |
| Control Magic | 1 | |
| Magic Sentry | 1 | |
| Flak Cannons | 1 | |
| Flying Machine Bombs | 1 | |
32 total
» buildings
| Altar of Kings | 1 | |
| Barracks | 3 | |
| Farm | 13 | |
| Arcane Vault | 2 | |
| Lumber Mill | 1 | |
| Town Hall | 2 | |
| Keep | 2 | |
| Blacksmith | 1 | |
| Scout Tower | 32 | |
| Guard Tower | 41 | |
| Arcane Tower | 10 | |
| Castle | 4 | |
| Arcane Sanctum | 2 | |
| Workshop | 3 | |
117 total
» build order
00:38 Altar of Kings
00:39 Barracks
00:50 Farm
01:01 Farm
01:25 Farm
02:13 Arcane Vault
02:17 Lumber Mill
02:47 Farm
03:49 Town Hall
04:53 Farm
04:55 Keep
06:08 Blacksmith
06:11 Farm
06:15 Scout Tower
06:16 Scout Tower
06:16 Scout Tower
06:19 Scout Tower
06:23 Scout Tower
06:31 Scout Tower
06:47 Guard Tower
06:47 Guard Tower
06:47 Guard Tower
06:48 Guard Tower
06:48 Arcane Tower
06:48 Arcane Tower
06:49 Guard Tower
06:49 Guard Tower
06:50 Guard Tower
06:58 Arcane Tower
06:58 Arcane Tower
07:04 Guard Tower
07:45 Castle
07:45 Castle
07:53 Farm
08:02 Arcane Sanctum
09:24 Arcane Sanctum
09:54 Scout Tower
09:57 Scout Tower
10:11 Scout Tower
10:44 Guard Tower
12:47 Workshop
12:48 Workshop
12:55 Workshop
13:04 Barracks
13:40 Barracks
14:43 Scout Tower
14:44 Scout Tower
14:44 Scout Tower
14:45 Scout Tower
14:49 Scout Tower
15:10 Farm
15:11 Farm
15:13 Farm
15:16 Farm
15:23 Guard Tower
15:23 Guard Tower
15:23 Guard Tower
15:25 Arcane Tower
15:25 Arcane Tower
15:26 Arcane Tower
15:46 Guard Tower
15:46 Guard Tower
15:46 Guard Tower
16:57 Scout Tower
16:58 Scout Tower
17:00 Scout Tower
17:36 Guard Tower
17:36 Guard Tower
17:37 Guard Tower
19:23 Town Hall
19:27 Farm
19:29 Farm
22:55 Scout Tower
22:56 Scout Tower
22:56 Scout Tower
22:59 Scout Tower
23:03 Scout Tower
23:03 Scout Tower
23:04 Scout Tower
23:05 Scout Tower
23:27 Guard Tower
23:28 Guard Tower
23:28 Guard Tower
23:41 Guard Tower
23:41 Guard Tower
23:41 Guard Tower
27:06 Scout Tower
27:06 Scout Tower
27:07 Scout Tower
27:07 Scout Tower
27:10 Scout Tower
27:42 Guard Tower
27:43 Guard Tower
27:43 Guard Tower
27:43 Guard Tower
29:55 Guard Tower
29:55 Guard Tower
29:55 Guard Tower
29:57 Scout Tower
29:57 Scout Tower
30:00 Arcane Vault
30:47 Arcane Tower
30:49 Guard Tower
» items
| Scroll of Regeneration | 7 | |
| Mechanical Critter | 8 | |
| Periapt of Vitality | 3 | |
| Staff of Teleportation | 1 | |
| Staff of Sanctuary | 2 | |
| Ivory Tower | 2 | |
| Orb of Fire | 1 | |
| Boots of Speed | 1 | |
| Circlet of Nobility | 1 | |
| Scroll of Town Portal | 2 | |
28 total
Peach_overalls (
purple | 47 APM | 927 actions | 19:41)
3 Death Knight
1 Death Coil
2 Unholy Aura
» actions
| Assign group hotkey | 61 | |
| Basic commands | 73 | |
| Build / train | 51 | |
| Enter build submenu | 21 | |
| Enter hero's abilities submenu | 3 | |
| Remove unit from queue | 1 | |
| Right click | 290 | |
| Select / deselect | 239 | |
| Select group hotkey | 152 | |
| Use ability | 36 | |
927 total
» units
| Acolyte | 13 | |
| Ghoul | 5 | |
| Crypt Fiend | 13 | |
| Gargoyle | 1 | |
32 total
» upgrades
| Creature Attack | 2 | |
| Creature Carapace | 2 | |
| Web | 1 | |
5 total
» buildings
| Ziggurat | 9 | |
| Altar of Darkness | 1 | |
| Crypt | 2 | |
| Graveyard | 1 | |
| Tomb of Relics | 1 | |
| Halls of the Dead | 2 | |
| Nerubian Tower | 3 | |
| Spirit Tower | 1 | |
20 total
» build order
00:06 Ziggurat
00:09 Altar of Darkness
00:39 Crypt
01:19 Graveyard
01:23 Ziggurat
01:26 Tomb of Relics
03:13 Ziggurat
04:51 Halls of the Dead
07:36 Ziggurat
07:50 Nerubian Tower
09:52 Ziggurat
10:17 Ziggurat
10:27 Ziggurat
10:48 Nerubian Tower
10:55 Ziggurat
11:53 Spirit Tower
12:11 Crypt
16:04 Nerubian Tower
18:45 Ziggurat
» items

»
DeadGuyPerez (
yellow | 18 APM | 865 actions | 47:43)
5 Archmage
3 Summon Water Elemental
2 Brilliance Aura
2 Paladin
1 Devotion Aura
1 Holy Light
» actions
| Assign group hotkey | 13 | |
| Basic commands | 42 | |
| Build / train | 48 | |
| Enter build submenu | 20 | |
| Enter hero's abilities submenu | 6 | |
| Right click | 513 | |
| Select / deselect | 174 | |
| Select group hotkey | 1 | |
| Use ability | 48 | |
865 total
» units
» upgrades
» buildings
| Altar of Kings | 1 | |
| Farm | 6 | |
| Barracks | 2 | |
| Lumber Mill | 1 | |
| Blacksmith | 1 | |
| Keep | 1 | |
| Town Hall | 1 | |
| Castle | 1 | |
| Arcane Sanctum | 2 | |
| Scout Tower | 2 | |
| Arcane Tower | 2 | |
20 total
» build order
00:34 Altar of Kings
00:39 Farm
01:00 Barracks
01:23 Lumber Mill
01:28 Farm
02:07 Farm
02:14 Farm
02:55 Blacksmith
03:03 Farm
03:14 Barracks
03:46 Farm
05:28 Keep
05:48 Town Hall
08:00 Castle
08:05 Arcane Sanctum
08:06 Arcane Sanctum
08:32 Scout Tower
08:38 Scout Tower
09:01 Arcane Tower
09:11 Arcane Tower
Chat log
(00:16 / All) Peach_overalls: GL HF
(01:16 / All) BlackIsWhack: SEE U AT THE CROSSROADS CROSSROADS CROSSROADS
(01:26 / All) SiLeNt_oNe: BTNH <3
(07:19 / Allies) DeadGuyPerez: holy fuck
(07:26 / Allies) imonteamthree: ?
(07:28 / Allies) DeadGuyPerez: they always come for my expo first
(08:15 / Allies) DeadGuyPerez: ffs
(09:28 / Allies) DeadGuyPerez: ffs
(09:30 / Allies) DeadGuyPerez: tp?
(09:31 / Allies) imonteamthree: lol
(11:28 / Allies) DeadGuyPerez: fuck
(11:32 / All) BlackIsWhack: purp and yellow got massacred
(11:33 / Allies) DeadGuyPerez: fuck fuck fuck fuck
(11:48 / Allies) DeadGuyPerez: fuck
(11:50 / Allies) DeadGuyPerez: fuck fuck fuck
(12:07 / Allies) imonteamthree: take a chill pill yellow
(12:40 / All) BlackIsWhack: peach overalls is a big time scrub
(12:49 / All) DeadGuyPerez: bad as me?
(12:55 / All) BlackIsWhack: even worse
(12:58 / All) DeadGuyPerez: shit
(14:35 / All) BlackIsWhack: you got no gold purple
(14:39 / All) BlackIsWhack: what are you gonna do about it bitch?
(14:48 / All) SiLeNt_oNe: QQ?
(14:54 / All) SiLeNt_oNe: :3
(15:37 / Allies) Peach_overalls: gld plz green
(15:42 / Allies) imonteamthree: gonna spend mine no thx
(15:53 / All) BlackIsWhack: UH OH
(15:56 / Allies) Peach_overalls: sure ya are
(16:06 / Allies) imonteamthree: yep I am
(16:08 / All) BlackIsWhack: RON BURGENDY HAS LEFT THE BUILDING EVERYBODY
(16:13 / Allies) Peach_overalls: fucking bitch
(16:18 / Allies) imonteamthree: get your own gold retard
(16:26 / Allies) Peach_overalls: 4k+
(16:32 / Allies) imonteamthree: yeah and I'm gonna use it all
(16:33 / Allies) imonteamthree: tard
(16:44 / Allies) Peach_overalls: play 1v1 if you're gonna be a selfish cuck
(16:51 / Allies) imonteamthree: I'm not being selfish you just suck lol
(17:02 / Allies) Peach_overalls: your not helping teal either
(17:10 / Allies) Peach_overalls: didn't help yellow
(17:12 / Allies) imonteamthree: kill yourself
(17:16 / Allies) imonteamthree: leave and give me ur shit
(17:20 / Allies) Peach_overalls: u first
(17:26 / Allies) imonteamthree: no.
(17:39 / Allies) imonteamthree: see? down to 2k
(19:54 / All) SMELLLINGDOG: red doesnt want to listen
(22:15 / Allies) imonteamthree: stop leeching my xp
(22:21 / Allies) DeadGuyPerez: WOW
(22:27 / All) DeadGuyPerez: green just killed my heroes
(22:28 / Allies) imonteamthree: you're just stealing my xp
(22:29 / All) imonteamthree: You suck
(22:32 / All) imonteamthree: you're stealing my xp
(22:35 / All) imonteamthree: useless retard
(22:35 / All) DeadGuyPerez: "stop leeching my xp"
(22:37 / All) SiLeNt_oNe: lol
(22:38 / All) imonteamthree: give me your resources and leave
(23:00 / All) DeadGuyPerez: gimme a rusty trombone you filipino rentboy
(23:11 / All) imonteamthree: LOL
(23:33 / All) BlackIsWhack: *AFK*
(23:49 / All) DeadGuyPerez: green is duke nukem with a tungsten cock
(23:54 / All) DeadGuyPerez: hes gonna solo this shit
(23:59 / All) imonteamthree: lol
(24:05 / All) imonteamthree: I have balls of steel
(24:33 / All) DeadGuyPerez: enjoy boss, 53 gold
(25:07 / All) imonteamthree: rape
(25:10 / All) SMELLLINGDOG: mass tp green!
(25:38 / All) DeadGuyPerez: why leave the one aco?
(25:40 / All) BlackIsWhack: do undead have anything that dispells
(25:45 / All) imonteamthree: destroyers
(25:50 / All) DeadGuyPerez: yeah destroyer devour magic
(26:02 / All) BlackIsWhack: they're expensive
(26:10 / All) DeadGuyPerez: you should have like 3 mines
(26:16 / Allies) DeadGuyPerez: apiece
(26:19 / All) DeadGuyPerez: each
(26:22 / All) BlackIsWhack: I'm orc
(26:39 / All) BlackIsWhack: red must have gave up
(26:48 / All) BlackIsWhack: he's letting pink go this one alone
(28:43 / All) BlackIsWhack: pink and red don't want to work together
(28:59 / All) BlackIsWhack: pink would rather hit the expo with 1k gold left
(29:02 / All) BlackIsWhack: and let red get raped
(29:07 / All) DeadGuyPerez: weve got a great combination going here
(29:18 / All) DeadGuyPerez: i lick greens taint while he pounds your ass
(29:25 / All) imonteamthree: lol
(29:29 / All) BlackIsWhack: I'm a neutral party
(29:35 / All) BlackIsWhack: Think of me as Switzerland
(32:56 / All) DeadGuyPerez: so oj wants 100 food of bats
(33:03 / All) SMELLLINGDOG: wat
(33:04 / All) DeadGuyPerez: thats a lot of bats
(33:22 / All) DeadGuyPerez: i figure if youre feeding him your workers you want more troops
(33:45 / All) SMELLLINGDOG: pink is tking by quitting
(33:48 / All) imonteamthree: lol
(35:59 / All) DeadGuyPerez: oh shit mass possession
(36:42 / All) SiLeNt_oNe: :)
(36:52 / All) imonteamthree: I got more gold where that came from, baby
(37:07 / All) DeadGuyPerez: you mean bottom center-left?
(41:00 / All) imonteamthree: you can holy light breakers
(41:04 / All) imonteamthree: but not inner fire them
(41:18 / All) BlackIsWhack: lawgical
(42:03 / All) DeadGuyPerez: wow red you sure can tolerate a violent throatfucking
(42:15 / All) imonteamthree: now we can make you lose yellow
(42:20 / All) BlackIsWhack: Red played well
(42:20 / All) imonteamthree: baby back bitch trying to ride on my victory
(42:22 / All) BlackIsWhack: he had no gold
(42:33 / All) DeadGuyPerez: haha greens gonna lose now
(42:37 / All) imonteamthree: you lose
(42:38 / All) DeadGuyPerez: just to spite my bitch ass
(42:41 / All) BlackIsWhack: He had a good showing against human imba army
(42:42 / All) DeadGuyPerez: nice
(43:09 / All) DeadGuyPerez: yall win
(43:13 / All) imonteamthree: out yellow
(43:15 / All) DeadGuyPerez: green suiciding
(43:21 / All) DeadGuyPerez: hes gonna kill all his shit
(43:25 / All) imonteamthree: yep
(43:27 / All) imonteamthree: Leave now you get a tie
(43:28 / All) BlackIsWhack: you don't say
(43:30 / All) imonteamthree: stay and you get a loss
(43:35 / All) DeadGuyPerez: yeah blue you win
(43:46 / All) DeadGuyPerez: switzerland ftw
(44:05 / All) DeadGuyPerez: green, ive got a glass of whisky in my hand and frasier on tv, i dont give a shit what you do
(44:17 / All) BlackIsWhack: Frasier sucks
(44:17 / All) imonteamthree: what sorta whisky you drinkin boy
(44:22 / All) BlackIsWhack: Roseanne is the GOAT sitcom
(44:58 / All) DeadGuyPerez: laphroaig
(47:17 / All) DeadGuyPerez: one farm to go
(47:22 / All) imonteamthree: yep
(47:29 / All) DeadGuyPerez: greens dick is huge
(47:30 / All) imonteamthree: got anything to say for yourself?
(47:31 / All) BlackIsWhack: gg I won 1v4
(47:32 / All) DeadGuyPerez: yuuuuuuge
(47:37 / All) DeadGuyPerez: blue ftw